 Dungeon Crawl Stone Soup version 0.32-a0-128-g77eb882913 (webtiles) character file.

Game seed: 16866758108204097514

20 Ambrosia the Vexing (level 2, 0/23 HPs)
             Began as a Hill Orc Hexslinger on Feb 7, 2024.
             Constricted to death by a ball python (1 damage)
             ... on level 1 of the Dungeon.
             The game lasted 00:01:22 (313 turns).

Ambrosia the Vexing (Hill Orc Hexslinger)            Turns: 313, Time: 00:01:23

Health: 0/23       AC:  2    Str: 10    XL:     2   Next: 79%
Magic:  3/3        EV:  9    Int: 13    God:
Gold:   9          SH:  0    Dex: 13    Spells: 3/3 levels left

rFire   . . .        a - +1 sling
rCold   . . .        (no shield)
rNeg    . . .        c - +0 robe
rPois   .            (no helmet)
rElec   .            (no cloak)
rCorr   .            (no gloves)
SInv    .            (no boots)
Will    .....        (no amulet)
Stlth   +            (no ring)
HPRegen 0.23/turn    (no ring)
MPRegen 0.08/turn

%: no passive effects
@: constricted
A: no striking features
a: no special abilities


You were on level 1 of the Dungeon.
You visited 1 branch of the dungeon, and saw 1 of its levels.

You collected 9 gold pieces.

Inventory:

Hand Weapons
 a - a +1 sling (weapon)
Armour
 c - a +0 robe (worn)
Scrolls
 b - a scroll of poison {!r}
 e - a scroll of noise {unknown}
 f - a scroll of vulnerability {unknown}


   Skills:
 + Level 1.4 Fighting
 + Level 1.9 Ranged Weapons
 * Level 0.9 Armour
 * Level 1.8 Dodging
 * Level 1.2 Spellcasting
 * Level 3.1 Hexes
 - Level 1.1 Fire Magic


You had 3 spell levels left.
You didn't know any spells.
Your spell library contained the following spells:

 Spells                   Type           Power      Damage    Failure   Level
 Jinxbite                 Hex            18%        N/A       11%         2
 Sigil of Binding         Hex            9%         N/A       22%         3
 Inner Flame              Hex/Fire       6%         N/A       34%         3
 Cause Fear               Hex            4%         N/A       58%         4
 Dimensional Bullseye     Hex/Tloc       2%         N/A       82%         4


Dungeon Overview and Level Annotations

Branches:
Dungeon (1/15) Zot: 5685

Altars:


Message History

The hobgoblin barely misses you. The ball python bites you.
The ball python completely misses you.
You take 1 damage, and have 7/23 hp.
The ball python attacks as it pursues you!
The ball python misses you. The ball python closely misses you.
The hobgoblin hits you.
* * * LOW HITPOINT WARNING * * *
You take 1 damage, and have 6/23 hp.
A goblin comes into view. It is wielding a +0 club.
You see here a dart slug corpse.
Your extra speed is starting to run out.
A rat comes into view.
The rat squeaks loudly.
You hear a shout!
A goblin comes into view. It is wielding a +0 short sword.
The goblin shouts!
A kobold comes into view. It is wielding a +0 short sword.
You feel yourself slow down.
The kobold shouts!
Okay, then.
The rat attacks as it pursues you! The rat misses you.
The rat attacks as it pursues you! The rat barely misses you.
Fire: a) +1 sling
Press: ? - help, Q - select action Shift-Dir - straight line, f - rat
Aim: a rat (54% to hit)
You shoot a sling bullet. The sling bullet hits the rat.
The rat misses you.
Fire: a) +1 sling
Press: ? - help, Q - select action Shift-Dir - straight line, f/p - rat
Aim: a rat (heavily wounded, 54% to hit)
You shoot a sling bullet. The sling bullet hits the rat.
You kill the rat!
Fire: a) +1 sling
Press: ? - help, Q - select action Shift-Dir - straight line, f - goblin
Aim: a goblin, wielding a +0 short sword (45% to hit)
You shoot a sling bullet.
The sling bullet barely misses the goblin.
The sling bullet closely misses the kobold.
The sling bullet barely misses the goblin.
The goblin closely misses you.
Fire: a) +1 sling
Press: ? - help, Q - select action Shift-Dir - straight line, f/p - goblin
Aim: a goblin, wielding a +0 short sword (45% to hit)
You shoot a sling bullet.
The sling bullet closely misses the goblin.
The sling bullet hits the goblin.
You kill the goblin!
The goblin hits you with a +0 short sword.
The kobold hits you with a +0 short sword.
The goblin hits you with a +0 short sword.
The kobold misses you.
You take 5 damage, and have 10/23 hp.
MASSIVE DAMAGE!!
Fire: a) +1 sling
Press: ? - help, Q - select action Shift-Dir - straight line, f/p - goblin
Aim: a goblin, wielding a +0 short sword (45% to hit)
You shoot a sling bullet. The sling bullet hits the goblin.
The goblin barely misses you. The hobgoblin completely misses you.
The kobold closely misses you. The ball python closely misses you.
The ball python grabs you. The ball python constricts you.
You escape the ball python's grasp.
The goblin attacks as it pursues you!
The goblin hits you with a +0 short sword.
The hobgoblin misses you. The kobold attacks as it pursues you!
The kobold hits you with a +0 short sword.
* * * LOW HITPOINT WARNING * * *
You take 4 damage, and have 6/23 hp.
Fire: a) +1 sling
Press: ? - help, Q - select action Shift-Dir - straight line, f/p - goblin
Aim: a goblin, wielding a +0 short sword (severely wounded, 45% to hit)
You shoot a sling bullet. The sling bullet hits the hobgoblin.
The hobgoblin barely misses you.
Fire: a) +1 sling
Press: ? - help, Q - select action Shift-Dir - straight line, f/p - goblin
Aim: a goblin, wielding a +0 short sword (severely wounded, 45% to hit)
You shoot a sling bullet. The sling bullet hits the hobgoblin.
The ball python bites you but does no damage.
The ball python misses you. The hobgoblin hits you.
* * * LOW HITPOINT WARNING * * *
You take 3 damage, and have 3/23 hp.
Fire: a) +1 sling
Press: ? - help, Q - select action Shift-Dir - straight line, f/p - goblin
Aim: a goblin, wielding a +0 short sword (severely wounded, 45% to hit)
You shoot a sling bullet.
The sling bullet barely misses the goblin.
The sling bullet barely misses the kobold.
The goblin barely misses you. The ball python barely misses you.
The ball python grabs you. The ball python constricts you.
The hobgoblin hits you but does no damage.
The goblin hits you with a +0 short sword.
* * * LOW HITPOINT WARNING * * *
You take 2 damage, and have 1/23 hp.
Fire: a) +1 sling
Press: ? - help, Q - select action Shift-Dir - straight line, f/p - goblin
Aim: a goblin, wielding a +0 short sword (severely wounded, 45% to hit)
You shoot a sling bullet. The sling bullet hits the goblin.
You kill the goblin!
The ball python closely misses you. The ball python constricts you.
The hobgoblin hits you but does no damage.
The ball python barely misses you. The ball python constricts you.
You die...

############ #....gS....###
#.#######....#
#.#######..#S##
#.##....)..K@.#
#......##..#g.#########
#.##.#.##..#..........#
......).....#.########.####
###....g.#...#.####........#
........#?..#...gS.†g.....#
###.....#.########.###.#..#
#....... #.# #.#..# ###.#.##
#.# #S#..#


You could see a hobgoblin, a ball python and a kobold.

Vanquished Creatures
  2 dart slugs (D:1)
  A giant cockroach (D:1)
  3 goblins (D:1)
  A hobgoblin (D:1)
  4 jackals (D:1)
  2 kobolds (D:1)
  2 rats (D:1)
15 creatures vanquished.

Notes
Turn   | Place    | Note
-------+----------+-------------------------------------------
     0 | D:1      | Ambrosia the Hill Orc Hexslinger began the quest for the
                  | Orb.
     0 | D:1      | Reached XP level 1. HP: 16/16 MP: 2/2
    64 | D:1      | Reached XP level 2. HP: 23/23 MP: 3/3
   237 | D:1      | HP: 11/23 [hobgoblin (5)]
   253 | D:1      | HP: 7/23 [ball python (1)]
   306 | D:1      | HP: 11/23 [kobold/+0 short sword (3)]
   311 | D:1      | HP: 3/23 [hobgoblin (4)]
   312 | D:1      | HP: 1/23 [goblin/+0 short sword (2)]
   313 | D:1      | Constricted to death by a ball python

Illustrated notes

Levels and vault maps discovered:
D:1:      minmay_arrival_three_doors, layout_loops_ring

Action                     || total
---------------------------++-------
   Fire: Sling             ||    64
    Use: Potion            ||     1
 Armour: Robe              ||    31
  Dodge: Dodged            ||    48

Table legend: (Time is in decaauts)
 A = Elapsed time spent in this place.
 B = Non-inter-level travel time spent in this place.
 C = Inter-level travel time spent in this place.
 D = Time resting spent in this place.
 E = Time spent auto-exploring this place.
 F = Levels seen in this place.
 G = Mean time per level.
                   A        B        C        D        E       F      G
               +--------+--------+--------+--------+--------+-----+--------+
         Total |    313 |    313 |      0 |      0 |    173 |   1 |  313.0 |
       Dungeon |    313 |    313 |      0 |      0 |    173 |   1 |  313.0 |
               +--------+--------+--------+--------+--------+-----+--------+

Top non-repeatable levels by time:
     D:1: 313 daAuts

Levels and vault maps discovered:
D:1:      minmay_arrival_three_doors, layout_loops_ring

Table legend: (Time is in decaauts)
 A = Elapsed time spent in this place.
 B = Non-inter-level travel time spent in this place.
 C = Inter-level travel time spent in this place.
 D = Time resting spent in this place.
 E = Time spent auto-exploring this place.
 F = Levels seen in this place.
 G = Mean time per level.
                   A        B        C        D        E       F      G
               +--------+--------+--------+--------+--------+-----+--------+
         Total |    313 |    313 |      0 |      0 |    173 |   1 |  313.0 |
       Dungeon |    313 |    313 |      0 |      0 |    173 |   1 |  313.0 |
               +--------+--------+--------+--------+--------+-----+--------+

Top non-repeatable levels by time:
     D:1: 313 daAuts

Table legend:
 A = Kills in this place as a percentage of kills in the entire game.
 B = Kills by you in this place as a percentage of kills by you in the entire game.
 C = Kills by friends in this place as a percentage of kills by friends in the entire game.
 D = Other kills in this place as a percentage of other kills in the entire game.
 E = Experience gained in this place as a percentage of experience gained in the entire game.
 F = Experience gained in this place divided by the number of levels of this place that you have seen.
                   A       B       C       D       E      F
               +-------+-------+-------+-------+-------+----------------------
         Total | 100.0 | 100.0 |   N/A |   N/A | 100.0 |  30.0
       Dungeon | 100.0 | 100.0 |   N/A |   N/A | 100.0 |  30.0
               +-------+-------+-------+-------+-------+----------------------
